 Dungeon Crawl Stone Soup version 0.19.5 (webtiles) character file.

12282 Inarius the Cleaver (level 11, -4/97 HPs)
             Began as a Minotaur Fighter on Apr 10, 2017.
             Was a Priest of Ashenzari.
             Slain by a cyclops (22 damage)
             ... on level 1 of the Orcish Mines.
             The game lasted 00:58:16 (10425 turns).

Inarius the Cleaver (Minotaur Fighter)             Turns: 10425, Time: 00:58:17

Health: -4/97      AC: 20    Str: 24    XL:     11   Next: 60%
Magic:  0/8        EV:  7    Int:  8    God:    Ashenzari [***...]
Gold:   564        SH: 14    Dex: 14    Spells: 0 memorised, 10 levels left

rFire  x . .     SeeInvis +     j - +4 hand axe (freeze) (curse)
rCold  + . .     Gourm    .     s - +1 plate armour (curse)
rNeg   . . .     Faith    .     c - +1 shield (curse)
rPois  +         Spirit   +     (helmet restricted)
rElec  .         Reflect  .     H - +2 cloak (curse)
rCorr  .         Harm     .     O - +0 pair of gloves
MR     .....                    (no boots)
Stlth  ..........               k - amulet of guardian spirit
                                M - ring of ice
                                u - +3 ring of strength (curse)

@: no status effects
A: retaliatory headbutt, claws 1, hooves 1, horns 2, agile 1, clever 1,
deterioration 1, low mp 1, poison resistance
a: Curse Item, Scrying, Renounce Religion


You were on level 1 of the Orcish Mines.
You worshipped Ashenzari.
Ashenzari was most pleased with you.
You were not hungry.

You visited 2 branches of the dungeon, and saw 10 of its levels.
You also visited: Ossuary.

You collected 590 gold pieces.
You spent 26 gold pieces at shops.

Inventory:

Hand Weapons
 j - a cursed +4 hand axe of freezing (weapon)
Missiles
 N - 26 tomahawks (quivered)
Armour
 c - a cursed +1 shield (worn)
 s - a cursed +1 plate armour (worn)
 H - a cursed +2 cloak (worn)
 O - a +0 pair of gloves (worn)
Jewellery
 k - an amulet of guardian spirit (around neck)
 q - an uncursed ring of flight
 u - a cursed +3 ring of strength (left hand)
 M - a ring of ice (right hand)
Wands
 x - a wand of hasting (6/9)
 A - a wand of confusion (14/48)
 B - a wand of acid (8/15)
 F - a wand of random effects (20/48)
Scrolls
 a - 2 scrolls of amnesia
 d - 2 scrolls of noise {unknown}
 m - 3 scrolls of recharging
 n - 4 scrolls of teleportation
 o - 2 scrolls of immolation {unknown}
 t - a scroll of magic mapping
 y - a scroll of blinking {unknown}
 G - a scroll of fear {unknown}
Potions
 e - a potion of curing
 h - 4 potions of flight
 r - a potion of berserk rage {unknown}
 v - 2 potions of lignification {unknown}
 z - a potion of invisibility {unknown}
 D - 2 potions of haste
 J - a potion of experience {unknown}
 K - a potion of brilliance {unknown}
 L - a potion of degeneration {unknown}
 P - a potion of cure mutation
Books
 w - a book of Maledictions

   Spells                             Type                      Level
   a - Corona                         Hexes                        1
   b - Ensorcelled Hibernation        Hexes/Ice                    2
   c - Confuse                        Hexes                        3
   d - Tukima's Dance                 Hexes                        3
   e - Dazzling Spray                 Conjuration/Hexes            3
 E - a book of Flames

   Spells                             Type                      Level
   a - Flame Tongue                   Conjuration/Fire             1
   b - Throw Flame                    Conjuration/Fire             2
   c - Conjure Flame                  Conjuration/Fire             3
   d - Inner Flame                    Hexes/Fire                   3
   e - Sticky Flame                   Conjuration/Fire             4
   f - Fireball                       Conjuration/Fire             5
Comestibles
 f - 4 bread rations
 l - 5 beef jerkies
 p - 3 meat rations


   Skills:
 + Level 9.4 Fighting
 + Level 13.1(15.6) Axes
 + Level 7.4 Throwing
 + Level 9.7 Armour
 + Level 2.0 Dodging
 + Level 0.5 Stealth
 + Level 9.7(11.5) Shields


You had 10 spell levels left.
You didn't know any spells.

Dungeon Overview and Level Annotations

Branches:
Dungeon (9/15)             Temple (0/1) D:6             Orc (1/2) D:9
   Lair: D:8-11

Altars:
Ashenzari
Dithmenos
Elyvilon
Kikubaaqudgha
Okawaru
Ru
Sif Muna
Trog
Xom
Yredelemnul
Zin
Beogh

Shops:
D:9 *


Innate Abilities, Weirdness & Mutations

You reflexively headbutt those who attack you in melee.
You have a pair of horns on your head.
You have sharp fingernails.
You have large cloven feet.
You are agile. (Dex +2)
Your mind is acute. (Int +2)
Your body sometimes deteriorates upon taking damage.
Your magical capacity is low. (-10% MP)
Your system is resistant to poisons. (rPois)


Message History

a +0 dagger; a +0 robe; a +0 hand axe Throwing (i - inventory):
N - 28 tomahawks (quivered)
Press: ? - help, Shift-Dir - straight line, f - cyclops
Aim: a cyclops You throw a tomahawk.
The tomahawk hits the cyclops but does no damage.
The cyclops throws a large rock.
The large rock hits you!!
Throwing (i - inventory):
N - 27 tomahawks (quivered)
Press: ? - help, Shift-Dir - straight line, f/p - cyclops
Aim: a cyclops You throw a tomahawk.
The tomahawk hits the cyclops!!
The cyclops is heavily wounded.
Items here: ))) รท a +0 flail; a +0 giant club x2; a warg skeleton The cyclops throws a large rock.
The large rock hits you!!
* * * LOW HITPOINT WARNING * * *
You see here a large rock.
You feel better. The cyclops hits you!!
You die...

..###. * ...#... ###
......# ##.## ......##
#...#
.......####..####
.........#(.))#.#####
............)(...##.##
......).....)((C)()((#
..#..(......##)#@()<##
....(......#####.)###
...(....#.#.#*#...#
.............###.##
.)........#..#*###
(..#..#...#...#
.......#.##..##
.............#
..........# *,


You could see a cyclops.

Vanquished Creatures
  Erica (D:9)
  An unseen horror (D:8)
  The ghost of Xiguana the Skirmisher, a novice DrCK of Xom (D:6)
  The ghost of quik the Destroyer, a novice DECj of Sif Muna (D:8)
  An orc sorcerer (Orc:1)
  Psyche (D:8)
  A troll (Orc:1)
  2 two-headed ogres (Orc:1)
  2 hornets
  A wyvern (D:9)
  7 soldier ants (D:6)
  Edmund (D:6)
  4 wargs (Orc:1)
  Duvessa (D:7)
  4 water moccasins
  2 sky beasts (D:7)
  10 orc warriors
  An ice beast (D:6)
  11 ogres
  2 centaurs
  3 necrophages
  2 phantoms
  7 bullfrogs
  A wyvern zombie (D:7)
  3 scorpions
  2 water moccasin zombies (Ossuary)
  Dowan (D:7)
  12 wights
  7 killer bees (D:6)
  2 howler monkeys
  5 crimson imps
  A centaur zombie (D:5)
  8 orc priests
  Crazy Yiuf (D:6)
  A bullfrog skeleton (D:9)
  A centaur skeleton (D:6)
  6 hounds
  2 iguanas
  Ijyb (D:2)
  13 worker ants
  16 orc wizards
  Terence (D:2)
  A killer bee zombie (D:7)
  2 big kobold zombies (Ossuary)
  4 mummies
  A worker ant zombie (D:8)
  A howler monkey zombie (D:5)
  15 adders
  3 gnolls (D:5)
  A howler monkey skeleton (D:5)
  A shadow imp (D:5)
  2 adder zombies (Ossuary)
  3 adder skeletons
  6 worms
  2 dart slugs
  4 leopard geckos
  81 orcs
  3 giant cockroaches
  6 gnoll zombies (Ossuary)
  2 goblins (D:2)
  9 hobgoblins
  3 jackals (D:2)
  7 quokkas
  5 ball pythons
  3 bats
  3 frilled lizards
  3 hobgoblin zombies (Ossuary)
  A jackal skeleton (D:6)
  8 kobolds
  4 kobold zombies (Ossuary)
  7 orc zombies (Ossuary)
  10 rats
352 creatures vanquished.

Notes
Turn   | Place    | Note
-------+----------+-------------------------------------------
     0 | D:1      | Inarius the Minotaur Fighter began the quest for the Orb.
     0 | D:1      | Reached XP level 1. HP: 19/19 MP: 0/0
   201 | D:1      | Reached XP level 2. HP: 27/27 MP: 1/1
   682 | D:2      | Reached skill level 3 in Axes
   682 | D:2      | Reached XP level 3. HP: 33/33 MP: 2/2
  1183 | D:2      | Found a shimmering altar of Xom.
  1185 | D:2      | Found an ancient bone altar of Kikubaaqudgha.
  1289 | D:2      | Noticed Terence
  1296 | D:2      | Killed Terence
  1296 | D:2      | Reached XP level 4. HP: 41/41 MP: 3/3
  1343 | D:2      | Noticed Ijyb
  1362 | D:2      | Killed Ijyb
  1443 | D:2      | Found a shattered altar of Ashenzari.
  1443 | D:2      | Found a sacrificial altar of Ru.
  1445 | D:2      | Found an iron altar of Okawaru.
  1715 | D:2      | Became a worshipper of Ashenzari the Shackled
  1760 | D:3      | Reached skill level 1 in Throwing
  1946 | D:3      | Reached skill level 4 in Axes
  1947 | D:3      | Reached XP level 5. HP: 40/47 MP: 4/4
  2103 | D:3      | Found a glowing silver altar of Zin.
  2363 | D:4      | Reached skill level 5 in Axes
  2375 | D:4      | Reached skill level 5 in Armour
  2375 | D:4      | Reached XP level 6. HP: 37/53 MP: 5/5
  2643 | D:4      | Reached skill level 5 in Shields
  3298 | D:5      | Entered Level 5 of the Dungeon
  3322 | D:5      | Reached skill level 6 in Axes
  3322 | D:5      | Reached XP level 7. HP: 36/60 MP: 3/6
  3657 | D:5      | Reached * piety under Ashenzari
  3690 | D:5      | Noticed a hornet
  3699 | D:5      | Killed a hornet
  3699 | D:5      | Reached skill level 5 in Fighting
  3833 | D:5      | Reached skill level 7 in Axes
  4158 | D:5      | Reached XP level 8. HP: 67/68 MP: 7/7
  4818 | D:6      | Found a runed door.
  4821 | D:6      | Found a runed gate.
  4863 | D:6      | Noticed Edmund
  4887 | D:6      | Killed Edmund
  4898 | D:6      | Found a sand-covered staircase.
  4904 | Ossuary  | Entered an ossuary
  5071 | Ossuary  | Reached skill level 8 in Axes
  5139 | D:6      | Found a deep blue altar of Sif Muna.
  5251 | D:6      | Found a shadowy altar of Dithmenos.
  5283 | D:6      | Found a runed gate.
  5285 | D:6      | Found a runed door.
  5285 | D:6      | Reached ** piety under Ashenzari
  5319 | D:6      | Noticed Xiguana's ghost (novice DrCK)
  5367 | D:6      | Found a runed gate.
  5392 | D:6      | Reached skill level 9 in Axes
  5404 | D:6      | Reached XP level 9. HP: 74/75 MP: 8/8
  5415 | D:6      | Reached skill level 1 in Dodging
  5456 | D:6      | Reached skill level 10 in Axes
  5983 | D:6      | Killed Xiguana's ghost
  6063 | D:6      | Found a staircase to the Ecumenical Temple.
  6123 | D:6      | Reached XP level 10. HP: 59/88 MP: 6/9
  6130 | D:6      | Reached skill level 11 in Axes
  6358 | D:6      | Found a bloodstained altar of Trog.
  6412 | D:6      | Found a runed door.
  6416 | D:6      | Noticed Crazy Yiuf
  6419 | D:6      | Killed Crazy Yiuf
  6717 | D:7      | Reached skill level 5 in Throwing
  7129 | D:7      | Noticed Dowan
  7139 | D:7      | Noticed Duvessa
  7149 | D:7      | Killed Dowan
  7151 | D:7      | Killed Duvessa
  7626 | D:8      | Noticed quik's ghost (novice DECj)
  7730 | D:8      | Killed quik's ghost
  7730 | D:8      | Reached skill level 12 in Axes
  8170 | D:8      | Found a basalt altar of Yredelemnul.
  8273 | D:8      | Reached *** piety under Ashenzari
  8472 | D:8      | Noticed Psyche
  8482 | D:8      | Killed Psyche
  8502 | D:8      | Noticed an unseen horror
  8511 | D:8      | Killed an unseen horror
  8511 | D:8      | Reached XP level 11. HP: 87/95 MP: 10/10
  8875 | D:9      | Found a staircase to the Orcish Mines.
  9014 | D:9      | Found a white marble altar of Elyvilon.
  9015 | D:9      | Noticed Erica
  9034 | D:9      | Killed Erica
  9115 | D:9      | Found Deenub's General Store.
  9144 | D:9      | Bought a scroll of identify for 26 gold pieces
  9145 | D:9      | Gained mutation: You have large cloven feet. [potion of mutation]
  9145 | D:9      | Gained mutation: Your magical capacity is low. (-10% MP) [potion of mutation]
  9145 | D:9      | Gained mutation: Your body sometimes deteriorates upon taking damage. [potion of mutation]
  9146 | D:9      | Gained mutation: Your mind is acute. (Int +2) [potion of mutation]
  9146 | D:9      | Gained mutation: You have sharp fingernails. [potion of mutation]
  9147 | D:9      | Gained mutation: You are agile. (Dex +2) [potion of mutation]
  9147 | D:9      | Gained mutation: Your system is resistant to poisons. (rPois) [potion of mutation]
  9649 | D:9      | Found a roughly hewn altar of Beogh.
  9777 | Orc:1    | Entered Level 1 of the Orcish Mines
 10056 | Orc:1    | Noticed a deep troll
 10057 | Orc:1    | Noticed an orc sorcerer
 10079 | Orc:1    | Noticed a soul eater
 10082 | Orc:1    | Paralysed by an orc sorcerer for 5 turns
 10100 | Orc:1    | Killed an orc sorcerer
 10100 | Orc:1    | Reached skill level 13 in Axes
 10405 | Orc:1    | Noticed an orc sorcerer
 10425 | Orc:1    | Slain by a cyclops

Skill      XL: |  1  2  3  4  5  6  7  8  9 10 11 |
---------------+----------------------------------+-----
Fighting       | 4 5 6 7 8 9 |  9.4
Shields        | 4 5 6 7 8 9 |  9.7
Axes           | 3 4 5 6 7 9 10 12 13 | 13.1
Armour         | 4 5 6 7 8 9 |  9.7
Throwing       | 1 3 4 6 7 |  7.4
Dodging        | 1 2 |  2.0
Stealth        | |  0.5

Action                   |  1- 3 |  4- 6 |  7- 9 | 10-12 || total
-------------------------+-------+-------+-------+-------++-------
Melee: War axe           |     5 |       |       |       ||     5
       Hand axe          |    73 |   150 |   318 |   394 ||   935
       Headbutt          |    11 |    24 |    77 |    91 ||   203
       Kick              |       |       |       |    37 ||    37
Throw: Javelin           |    12 |    25 |    43 |    71 ||   151
       Tomahawk          |       |       |     4 |    49 ||    53
Invok: Curse Item        |       |     3 |     1 |     1 ||     5
  Use: Scroll            |       |     6 |     6 |     5 ||    17
       Potion            |       |       |     3 |     8 ||    11
  Eat: Chunk             |     1 |     6 |     4 |     6 ||    17
       Meat ration       |       |       |     1 |       ||     1
       Bread ration      |       |       |     1 |     1 ||     2
Armor: Scale mail        |    16 |       |       |       ||    16
       Plate armour      |     9 |    74 |    98 |   103 ||   284
Dodge: Dodged            |    21 |    18 |    32 |    47 ||   118
Block: Shield            |    30 |    68 |   112 |   173 ||   383
